 Dungeon Crawl Stone Soup version 0.27-a0-1154-gfdeffcb720 (webtiles) character file.

Game seed: 8072192458929889569

23948 Gorglomux the Fighter (level 13, -2/103 HPs)
             Began as a Djinni Hedge Wizard on May 14, 2021.
             Was an Elder of Makhleb.
             Slain by a cane toad (5 damage)
             ... while petrified by a basilisk
             ... on level 2 of the Lair of Beasts.
             The game lasted 01:14:26 (23945 turns).

Gorglomux the Fighter (Djinni Hedge Wizard)        Turns: 23945, Time: 01:14:27

Health: -2/103     AC:  8    Str: 15    XL:     13   Next: 39%
Gold:   528        EV:  2    Int: 20    God:    Makhleb [****..] SH:  0 Dex: 14

rFire    + + .     SeeInvis .   j - +4 dagger "Ruunerergh" {flame, Str+6 Stlth+}
rCold    x . .     Faith    +   O - +2 buckler
rNeg     + + +     Spirit   .   E - +0 steam dragon scales
rPois    ∞         Reflect  .   q - +0 helmet
rElec    .         Harm     .   o - +1 cloak of Starlight {*Dazzle EV+4 Stlth--}
rCorr    +         Rampage  .   (no gloves)
Will     +....                  (boots unavailable)
Stlth    +.........             N - amulet of faith
HPRegen  0.27/turn              t - ring of wizardry
MPRegen  0.00/turn              g - ring of resist corrosion

@: petrified, flying
A: sickness immunity, fire resistance 2, cold vulnerability 1, float, innate
caster, hp casting, extra vitality 1
a: Renounce Religion, Minor Destruction, Lesser Servant of Makhleb, Major
Destruction


You were on level 2 of the Lair of Beasts.
You worshipped Makhleb.
Makhleb was greatly pleased with you.
You visited 3 branches of the dungeon, and saw 15 of its levels.
You also visited: Ossuary and Gauntlet.

You collected 1152 gold pieces.
You spent 624 gold pieces at shops.

Inventory:

Hand Weapons
 j - the +4 dagger "Ruunerergh" (weapon) {flame, Str+6 Stlth+}
   (You bought it in a shop on level 2 of the Dungeon)

   It has been specially enchanted to burn those struck by it, causing extra
   injury to most foes and up to half again as much damage against particularly
   susceptible opponents.
   It affects your strength (+6).
   It makes you more stealthy.
 n - a +4 dagger of flaming
 G - the +5 scythe "Finisher" {speed, eviscerate}
   (You found it on level 7 of the Dungeon)

   Attacks with this weapon are significantly faster.
 J - a +4 scimitar of flaming
Missiles
 Z - 7 throwing nets
Armour
 k - the +0 hat "Gotoc" {rPois Int+4 Dex-4}
   (You found it in a Gauntlet)

   It affects your intelligence (+4).
   It affects your dexterity (-4).
   It protects you from poison.
 o - the +1 cloak of Starlight (worn) {*Dazzle EV+4 Stlth--}
   (You bought it in a shop on level 7 of the Dungeon)

   It affects your evasion (+4).
   It makes you much less stealthy.
 q - a +0 helmet (worn)
 C - a +1 leather armour of cold resistance
 E - +0 steam dragon scales (worn)
 L - a +0 kite shield
 O - a +2 buckler (worn)
Magical Staves
 d - a staff of cold {!a}
Jewellery
 f - a ring of protection from fire
 g - a ring of resist corrosion (right hand)
 h - the ring of Besay {+Blink rF- rN+++ AC+4}
   (You found it in a Gauntlet)

   [ring of protection]

   It affects your AC (+4).
   It makes you vulnerable to fire.
   It renders you almost immune to negative energy.
   It lets you blink.
 t - a ring of wizardry (left hand)
 N - an amulet of faith (around neck)
Wands
 A - a wand of acid (6)
 I - a wand of iceblast (17)
 P - a wand of paralysis (6)
 V - a wand of flame (30)
Scrolls
 a - a scroll of vulnerability
 r - a scroll of immolation
 u - 4 scrolls of fear
 v - a scroll of holy word
 y - 2 scrolls of enchant weapon
 B - 2 scrolls of blinking
 D - a scroll of summoning
 K - 5 scrolls of fog
 M - 3 scrolls of magic mapping
 R - 3 scrolls of identify
 T - 2 scrolls of teleportation
Potions
 b - 3 potions of magic
 c - 4 potions of attraction
 e - a potion of experience {unknown}
 i - 2 potions of berserk rage
 l - 6 potions of flight
 m - 2 potions of mutation
 p - 2 potions of lignification
 s - 2 potions of invisibility
 w - 3 potions of brilliance
 x - 2 potions of ambrosia
 z - a potion of might
 F - a potion of cancellation
 H - 3 potions of haste
 Q - 4 potions of curing
 W - a potion of resistance {unknown}
Miscellaneous
 S - a condenser vane (inert)
 U - a phantom mirror
 Y - a tin of tremorstones (inert)


   Skills:
 + Level 13.6 Fighting
 - Level 3.0 Armour
 - Level 4.0 Dodging
 - Level 1.5 Stealth
 - Level 4.0 Shields
 + Level 11.0 Spellcasting
 + Level 4.9 Invocations
 - Level 4.0 Evocations


You had 2 spell levels left.
You knew the following spells:

 Your Spells              Type           Power      Damage    Failure   Level
a - Magic Dart            Conj           100%       1d8       1%          1
b - Call Imp              Summ           53%        N/A       1%          2
c - Slow                  Hex            53%        N/A       1%          2
d - Blink                 Tloc           N/A        N/A       1%          2
e - Wereblood             Tmut           53%        N/A       1%          2
f - Iskenderun's Battles  Conj           53%        2d10      1%          5
g - Alistair's Intoxicat  Tmut/Pois      35%        N/A       1%          5
j - Conjure Flame         Conj/Fire      53%        6-21      1%          3
m - Mephitic Cloud        Conj/Pois/Air  53%        N/A       1%          3
v - Vampiric Draining     Necr           26%        2d9       1%          3
E - Animate Skeleton      Necr           100%       N/A       1%          1
J - Portal Projectile     Hex/Tloc       100%       N/A       1%          3
Your spell library was empty.

Dungeon Overview and Level Annotations

Branches:
Dungeon (12/15)            Temple (1/1) D:6            Lair (2/6) D:11
 Shoals (0/4) Lair:2          Orc (0/2) D:12        Ossuary (visited)
Gauntlet (visited)
  Snake: Lair:2-4    Spider: Lair:2-4

Altars:
Ashenzari
Cheibriados
Dithmenos
Elyvilon
Fedhas
Gozag
Hepliaklqana
Kikubaaqudgha
Makhleb
Nemelex Xobeh
Okawaru
Qazlal
Ru
Sif Muna
Trog
Uskayaw
Vehumet
Wu Jian
Xom
Yredelemnul
Zin
The Shining One
Lugonu

Shops:
D:1 (   D:2 (   D:3 !   D:4 !   D:7 [   D:8 [

Annotations:
D:4 exclusions: downstairs and oklob plant
D:7 Gastronok
Lair:1 3 runed translucent doors, HoaS's ghost, journeyman TeBe; Ogorrag's ghost, journeyman GnFi


Innate Abilities, Weirdness & Mutations

You are immune to sickness and miasma.
You are immune to poison.
Your flesh is very heat resistant. (rF++)
You are vulnerable to cold. (rC-)
You float through the air rather than walking.
You learn spells naturally, not from books.
Your magical power is your life essence.
You have superior vitality. (+4 HP)


Message History

You kill the komodo dragon!
Makhleb accepts your kill.
You feel better.
The killer bee buzzes angrily.
The black mamba bites you!
The basilisk is engulfed in noxious fumes.
The basilisk appears confused.
The black mamba bites you but does no damage.
The wyvern is engulfed in noxious fumes.
The wyvern appears confused.
The wyvern bites you! The black mamba bites you.
The basilisk is engulfed in noxious fumes.
The basilisk appears confused.
The basilisk bites the wyvern!!
The wyvern is engulfed in noxious fumes.
The wyvern appears confused.
You kill the wyvern!
Makhleb accepts your kill. The black mamba bites you!
The killer bee stings you! The black mamba bites you!
The killer bee stings you!
The basilisk is engulfed in noxious fumes.
The basilisk appears confused.
The black mamba bites you!
* * * LOW HITPOINT WARNING * * *
The killer bee stings you but does no damage.
A water moccasin comes into view.
The black mamba bites you!
* * * LOW HITPOINT WARNING * * *
The killer bee stings you!
* * * LOW HITPOINT WARNING * * *
The basilisk is engulfed in noxious fumes.
The basilisk appears confused.
The water moccasin hisses angrily.
The killer bee stings you.
* * * LOW HITPOINT WARNING * * *
The black mamba bites you!
* * * LOW HITPOINT WARNING * * *
The basilisk is engulfed in noxious fumes.
The killer bee stings you.
* * * LOW HITPOINT WARNING * * *
The black mamba bites you but does no damage.
The killer bee stings you but does no damage.
The black mamba bites you!
* * * LOW HITPOINT WARNING * * *
The cane toad barely misses you.
The killer bee stings you but does no damage.
The black mamba bites you.
* * * LOW HITPOINT WARNING * * *
The killer bee stings you but does no damage.
The black mamba bites you but does no damage.
The cane toad stings you!
You die...

..#.#...........≈#..≈≈..
##.#.....#.#P#≈≈##≈≈.≈#
##.#..P#######≈#≈≈≈.###
##.#..# #.≈≈..≈.≈.
#.#..# #≈..>.....
.#...########........
.........##P........
.....§§l..##........
....S.§@°##.........
#..##.yFS##.........
#..#§.†§......^...
#..##.#†§§.......... ##
##.#l##.§§§......
#☼#...#P§§§......
§#.#..##§§§......
☼#.#.†.##........
#.#.....#........


You could see a black mamba, a cane toad, 2 basilisks, a water moccasin and a
killer bee.

Vanquished Creatures
  A minotaur (Gauntlet)
  A great orb of eyes (Gauntlet)
  2 hydras (Lair:1)
  Erica (D:8)
  2 two-headed ogres (D:12)
  A centaur warrior (D:12)
  Nergalle (D:12)
  Pikel (D:9)
  2 ugly things (Gauntlet)
  A cyclops (D:12)
  A manticore (D:12)
  A torpor snail (Gauntlet)
  2 gargoyles (D:12)
  A cane toad (Lair:1)
  A hellion (Gauntlet)
  7 komodo dragons
  Maggie (D:8)
  An unseen horror (D:11)
  A troll (D:12)
  3 hornets
  Grinder (D:6)
  7 spriggans (Lair:1)
  3 shadows
  4 wyverns
  5 wraiths
  17 yaks
  3 steam dragons
  2 basilisks
  6 water moccasins
  A swamp drake (D:11)
  2 ice beasts (D:5)
  3 orc warriors
  3 ogres
  5 wolves (Gauntlet)
  A centaur (D:10)
  2 lemures (D:9)
  An elf zombie (Ossuary)
  3 bullfrogs
  3 gnoll sergeants
  2 scorpions
  26 killer bees
  5 wights (D:7)
  4 howler monkeys
  4 centaur zombies
  A bullfrog zombie (D:6)
  A hound (D:5)
  A jelly (D:4)
  Crazy Yiuf (D:6)
  2 human zombies (Ossuary)
  6 orc priests
  2 centaur skeletons
  4 orc wizards
  2 iguanas
  A scorpion zombie (D:5)
  A killer bee zombie (D:9)
  A hound skeleton (D:4)
  3 mummies
  14 gnolls
  5 adders
  A white imp (D:8)
  2 ufetubi
  2 worms (D:3)
  2 dart slugs
  25 orcs
  A ball python (D:3)
  10 bats
  9 endoplasms
  8 giant cockroaches
  4 gnoll zombies (Ossuary)
  17 goblins
  4 hobgoblins
  9 jackals
  7 quokkas
  6 frilled lizards
  2 goblin zombies (Ossuary)
  A hobgoblin zombie (Ossuary)
  8 kobolds
  3 orc zombies (Ossuary)
  4 rats
315 creatures vanquished.

Vanquished Creatures (collateral kills)
  Prince Ribbit (D:5)
  A wraith (D:6)
  A yak (D:12)
  A steam dragon (D:6)
  4 killer bees
  A hound (D:4)
  An iron imp (D:9)
  An orc wizard (D:5)
  Robin (D:2)
  3 gnolls
  5 adders
  A worm (D:2)
  A quokka (D:3)
  A ball python skeleton (D:3)
  A bat (D:2)
  3 goblins
  An orc zombie (Ossuary)
28 creatures vanquished.

Vanquished Creatures (others)
  4 demonic plants (Gauntlet)
  5 fungi
  6 plants
  6 withered plants (Lair:1)
21 creatures vanquished.

Grand Total: 364 creatures vanquished

Notes
Turn   | Place    | Note
-------+----------+-------------------------------------------
     0 | D:1      | Gorglomux the Djinni Hedge Wizard began the quest for the
                  | Orb.
     0 | D:1      | Reached XP level 1. HP: 15/15 MP: 0/0
    39 | D:1      | Found Axir's Antique Weapon Shop.
   221 | D:1      | Reached skill level 1 in Fighting
   330 | D:1      | Reached XP level 2. HP: 20/22 MP: 0/0
  1280 | D:1      | Reached skill level 2 in Fighting
  1280 | D:1      | Reached XP level 3. HP: 25/28 MP: 0/0
  1280 | D:1      | Learned a level 1 spell: Animate Skeleton
  2484 | D:2      | Found a faded altar of an unknown god.
  2503 | D:2      | Found Bisog's Antique Weapon Shoppe.
  2519 | D:2      | Reached XP level 4. HP: 26/34 MP: 0/0
  2742 | D:2      | Reached skill level 3 in Spellcasting
  3242 | D:2      | Noticed Robin
  3650 | D:2      | Killed Robin
  3864 | D:3      | Reached skill level 3 in Fighting
  3996 | D:3      | Reached XP level 5. HP: 30/40 MP: 0/0
  3996 | D:3      | Learned a level 2 spell: Wereblood
  4882 | D:3      | Found a white marble altar of Elyvilon.
  5856 | D:3      | Found Sanues's Distillery.
  6007 | D:4      | Reached XP level 6. HP: 46/47 MP: 0/0
  6039 | D:4      | Found a shadowy altar of Dithmenos.
  6042 | D:4      | Found a broken altar of Ashenzari.
  6047 | D:4      | Found a hide-covered altar of Uskayaw.
  6059 | D:4      | Found Neitaacw's Distillery.
  6578 | D:4      | Reached skill level 4 in Fighting
  6628 | D:4      | Noticed an ogre
  6662 | D:4      | Killed an ogre
  6663 | D:4      | Reached skill level 3 in Dodging
  7140 | D:4      | Found a blossoming altar of Fedhas.
  7286 | D:4      | Noticed an oklob plant
  7359 | D:5      | Entered Level 5 of the Dungeon
  7359 | D:5      | Noticed Prince Ribbit
  7406 | D:4      | Reached XP level 7. HP: 20/53 MP: 0/0
  7406 | D:4      | Learned a level 3 spell: Vampiric Draining
  7719 | D:5      | Killed Prince Ribbit
  7730 | D:5      | Reached skill level 5 in Fighting
  8171 | D:5      | Noticed a water moccasin
  8185 | D:5      | Killed a water moccasin
  8186 | D:5      | Reached XP level 8. HP: 47/60 MP: 0/0
  8585 | D:5      | Reached skill level 6 in Fighting
  8784 | D:2      | Bought a bone dagger for 168 gold pieces
  8784 | D:2      | Identified the +4 dagger "Ruunerergh" {flame, Str+6 Stlth+}
                  | (You bought it in a shop on level 2 of the Dungeon)
  8854 | D:4      | Bought a potion of curing for 30 gold pieces
  8854 | D:4      | Bought a potion of lignification for 30 gold pieces
  9369 | D:6      | Found a glowing silver altar of Zin.
  9403 | D:6      | Reached skill level 1 in Armour
  9488 | D:6      | Found an iron altar of Okawaru.
  9539 | D:6      | Found a staircase to the Ecumenical Temple.
  9543 | D:6      | Noticed Grinder
  9546 | Temple   | Entered the Ecumenical Temple
  9563 | Temple   | Became a worshipper of Makhleb the Destroyer
  9582 | D:6      | Paralysed by Grinder for 3 turns
  9592 | D:6      | Killed Grinder
  9602 | D:6      | Reached XP level 9. HP: 54/67 MP: 0/0
  9602 | D:6      | Learned a level 3 spell: Portal Projectile
  9675 | D:6      | Found a sand-covered staircase.
  9690 | Ossuary  | Entered an ossuary
  9798 | Ossuary  | Reached skill level 7 in Fighting
  9899 | Ossuary  | Reached skill level 3 in Armour
 10023 | Ossuary  | Reached * piety under Makhleb
 10199 | D:6      | Found a runed translucent door.
 10200 | D:6      | Noticed Crazy Yiuf
 10303 | D:6      | Found a shimmering altar of Xom.
 10303 | D:6      | Found a shimmering altar of Xom.
 10306 | D:6      | Found a shimmering altar of Xom.
 10306 | D:6      | Found a shimmering altar of Xom.
 10371 | D:6      | Found a shimmering altar of Xom.
 10493 | D:6      | Killed Crazy Yiuf
 10494 | D:6      | Reached skill level 6 in Spellcasting
 10677 | D:7      | Found Tesimof's Armour Boutique.
 10704 | D:7      | Noticed a hornet
 10705 | D:7      | Noticed a hornet
 10713 | D:7      | Killed a hornet
 10761 | D:7      | Killed a hornet
 10848 | D:7      | Bought the +1 cloak of Starlight {*Dazzle EV+4 Stlth--} for
                  | 396 gold pieces
 10848 | D:7      | Found the +1 cloak of Starlight {*Dazzle EV+4 Stlth--}
 10857 | D:7      | Identified the +0 leather armour "Womuawill" {rC- Dex+6}
 10886 | D:7      | Reached skill level 8 in Fighting
 11610 | D:7      | Reached XP level 10. HP: 51/77 MP: 0/0
 11769 | D:7      | Found a hazy altar of Hepliaklqana.
 11976 | D:7      | Reached skill level 9 in Fighting
 12599 | D:7      | Found the +5 scythe "Finisher" {speed, eviscerate}
 12842 | D:8      | Noticed Maggie
 12857 | D:8      | Killed Maggie
 12889 | D:8      | Noticed Gastronok
 13394 | D:8      | Found a glowing golden altar of the Shining One.
 13689 | D:8      | Noticed Erica
 13711 | D:8      | Killed Erica
 13712 | D:8      | Reached skill level 10 in Fighting
 13795 | D:8      | Found Ywalia's Armour Shoppe.
 14789 | D:9      | Found a snail-covered altar of Cheibriados.
 15605 | D:9      | Noticed Pikel
 15676 | D:9      | Reached skill level 1 in Evocations
 15679 | D:9      | Killed Pikel
 15679 | D:9      | Reached ** piety under Makhleb
 15680 | D:9      | Reached XP level 11. HP: 43/86 MP: 0/0
 15680 | D:9      | Learned a level 5 spell: Iskenderun's Battlesphere
 16129 | D:10     | Entered Level 10 of the Dungeon
 16316 | D:10     | Reached skill level 3 in Evocations
 16945 | D:10     | Reached skill level 11 in Fighting
 17668 | D:11     | Reached skill level 9 in Spellcasting
 18126 | D:11     | Reached skill level 1 in Shields
 18306 | D:11     | Found a staircase to the Lair.
 19089 | D:12     | Found a staircase to the Orcish Mines.
 19426 | D:12     | Noticed a two-headed ogre
 19429 | D:12     | Noticed a two-headed ogre
 19448 | D:12     | Killed a two-headed ogre
 19449 | D:12     | Reached skill level 3 in Shields
 19449 | D:12     | Reached XP level 12. HP: 52/94 MP: 0/0
 19451 | D:12     | Killed a two-headed ogre
 19471 | D:12     | Noticed Nergalle
 19994 | D:12     | Killed Nergalle
 20065 | D:12     | Reached skill level 12 in Fighting
 20224 | D:12     | Noticed a centaur warrior
 20233 | D:12     | Killed a centaur warrior
 20740 | Lair:1   | Entered Level 1 of the Lair of Beasts
 21075 | Lair:1   | Noticed a seven-headed hydra
 21083 | Lair:1   | Found a gate leading to a gauntlet.
 21084 | Lair:1   | Killed a seven-headed hydra
 21094 | Gauntlet | Entered a Gauntlet
 21094 | Gauntlet | Found a transporter.
 21094 | Gauntlet | Found a transporter.
 21094 | Gauntlet | Noticed a fire crab
 21096 | Gauntlet | Found a runed translucent door.
 21097 | Gauntlet | Found a transporter.
 21099 | Gauntlet | Found a transporter.
 21100 | Gauntlet | Found a transporter.
 21143 | Gauntlet | Found a transporter.
 21143 | Gauntlet | Found a transporter.
 21144 | Gauntlet | Found a transporter.
 21144 | Gauntlet | Noticed a great orb of eyes
 21155 | Gauntlet | Found a transporter.
 21176 | Gauntlet | Found a transporter.
 21178 | Gauntlet | Noticed a cacodemon
 21184 | Gauntlet | Noticed a dire elephant
 21186 | Gauntlet | Found a transporter.
 21203 | Gauntlet | Found a transporter.
 21224 | Gauntlet | Found a transporter.
 21237 | Gauntlet | Found a transporter.
 21432 | Gauntlet | Reached *** piety under Makhleb
 21491 | Gauntlet | Killed a great orb of eyes
 21492 | Gauntlet | Reached skill level 1 in Invocations
 21627 | Gauntlet | Identified the ring of Besay {+Blink rF- rN+++ AC+4}
 21652 | Gauntlet | Reached skill level 13 in Fighting
 21655 | Gauntlet | Identified the +0 hat "Gotoc" {rPois Int+4 Dex-4}
 21913 | Gauntlet | Noticed a minotaur
 21925 | Gauntlet | Killed a minotaur
 21926 | Gauntlet | Reached XP level 13. HP: 47/103 MP: 0/0
 21926 | Gauntlet | Learned a level 5 spell: Alistair's Intoxication
 22174 | Lair:1   | Found a runed translucent gate.
 22175 | Lair:1   | Found a runed translucent gate.
 22176 | Lair:1   | Found a runed translucent gate.
 22177 | Lair:1   | Noticed Ogorrag's ghost (journeyman GnFi)
 22178 | Lair:1   | Noticed HoaS's ghost (journeyman TeBe)
 22465 | Lair:1   | Noticed an eight-headed hydra
 22490 | Lair:1   | Killed an eight-headed hydra
 22491 | Lair:1   | Reached skill level 3 in Invocations
 23756 | Lair:2   | Found a staircase to the Shoals.
 23923 | Lair:2   | Reached **** piety under Makhleb
 23944 | Lair:2   | HP: 4/103 [black mamba (6)]
 23945 | Lair:2   | Slain by a cane toad

Illustrated notes

Levels and vault maps discovered:
D:1:      lightli_arrival_flooded_house, layout_loops_ring, serial_shops,
          nicolae_shop_waterfront, chequers_serial_rivers_micro_c, minivault_23,
          supply_closet_lemuel, kennysheep_nondescript
D:2:      layout_basic, serial_shops, shop, ebering_ecumenical_altar_hall,
          minmay_misc_feat_doors, uniq_robin
D:3:      layout_rooms, elyvilon_altar_5, serial_shops,
          nicolae_shop_statue_plus, minmay_joined_circles
D:4:      layout_loops_ring, tgw_fedhas, grunt_temple_overflow_diamond,
          serial_shops, shop_statue, hex_large
D:5:      layout_cave_pools, kennysheep_orc_sif_temple, grunt_decor_cap,
          hangedman_decor_points, minivault_24, uniq_prince_ribbit1
D:6:      layout_rooms, kennysheep_mini, xom_redecorated, okawaru_gym_becter,
          lemuel_tele_altar, minmay_temple_entry_trees,
          gup_ossuary_entry_pyramid, uniq_crazy_yiuf_cottage, uniq_grinder
D:7:      layout_basic, overflow_temple_1_default,
          worldfamousw_hep_ancestral_shrine, serial_shops, shop_statue,
          minmay_guarded_unrand_finisher
D:8:      layout_loops_ring, nicolae_tso_swordbearing_angel, serial_shops,
          nicolae_shop_stone, fungi_pond_lemuel, kennysheep_generic_room_9,
          uniq_maggie, uniq_gastronok, uniq_erica
D:9:      layout_gridville, slow_altar_1, uniq_pikel
D:10:     layout_gridville
D:11:     layout_big_octagon, erik_lair_dragon, minmay_misc_feat_nine_boxes
D:12:     layout_roguey, orc_0_dummy, enter_bailey_2, minmay_misc_feat_cross,
          uniq_nergalle
Temple:   corrupted_temple
Lair:1:   kb_forest_paths, layout_long_grid, gammafunk_ghost_cemetery,
          gauntlet_entry_generic, minivault_25, serial_bayou_shore_b
Lair:2:   regret_index_bee_streams, layout_long_grid, elwin_shoals_entry_rocks,
          kennysheep_rathole

Skill      XL: |  1  2  3  4  5  6  7  8  9 10 11 12 13 |
---------------+----------------------------------------+-----
Fighting       | 1 2 3 4 5 6 8 10 11 13 | 13.6
Spellcasting   | 3 4 5 6 8 9 10 11 | 11.0
Dodging        | 3 4 |  4.0
Armour         | 2 3 |  3.0
Evocations     | 2 4 |  4.0
Shields        | 3 4 |  4.0
Invocations    | 2 4 |  4.9
Stealth        | |  1.5

Action                   |  1- 3 |  4- 6 |  7- 9 | 10-12 | 13-15 || total
-------------------------+-------+-------+-------+-------+-------++-------
Melee: Dagger            |     9 |    41 |    72 |   104 |    30 ||   256
 Cast: Magic Dart        |    84 |   156 |   209 |   346 |    66 ||   861
       Animate Skeleton  |     6 |    13 |     1 |     3 |     1 ||    24
       Call Imp          |     4 |    19 |    36 |    32 |     2 ||    93
       Slow              |     1 |     3 |     5 |       |     1 ||    10
       Conjure Flame     |     1 |    12 |    14 |    18 |     1 ||    46
       Blink             |       |     3 |     4 |     6 |     5 ||    18
       Mephitic Cloud    |       |     6 |    16 |    37 |     7 ||    66
       Wereblood         |       |     1 |       |     1 |       ||     2
       Vampiric Draining |       |       |    20 |    97 |    33 ||   150
       Iskenderun's Batt |       |       |       |    48 |     6 ||    54
       Alistair's Intoxi |       |       |       |       |    12 ||    12
Evoke: Wand              |       |       |     1 |     7 |     1 ||     9
       Tin of tremorston |       |       |       |       |     2 ||     2
       Condenser vane    |       |       |       |       |     1 ||     1
  Use: Potion            |       |     4 |     1 |     1 |       ||     6
       Scroll            |       |     7 |    12 |     9 |       ||    28
 Stab: Distracted        |       |     1 |     1 |       |       ||     2
       Sleeping          |       |     1 |     1 |       |       ||     2
       Confused          |       |       |     1 |       |       ||     1
Armor: Robe              |     6 |    19 |     5 |       |       ||    30
       Skin              |       |     7 |     3 |     8 |       ||    18
       Leather armour    |       |       |    12 |       |       ||    12
       Steam dragon scal |       |       |    18 |    89 |    18 ||   125
Dodge: Dodged            |    27 |    71 |    85 |   238 |    48 ||   469
Block: Buckler           |       |       |       |    35 |    20 ||    55

Table legend: (Time is in decaauts)
 A = Elapsed time spent in this place.
 B = Non-inter-level travel time spent in this place.
 C = Inter-level travel time spent in this place.
 D = Time resting spent in this place.
 E = Time spent auto-exploring this place.
 F = Levels seen in this place.
 G = Mean time per level.
                   A        B        C        D        E       F      G
               +--------+--------+--------+--------+--------+-----+--------+
         Total |  23985 |  23123 |    862 |   4959 |  14405 |  17 | 1410.9 |
       Dungeon |  20270 |  19431 |    839 |   4036 |  12462 |  12 | 1689.2 |
        Temple |     30 |     30 |      0 |      0 |      0 |   1 |   30.0 |
          Lair |   2141 |   2118 |     23 |    209 |   1596 |   2 | 1070.5 |
       Ossuary |    471 |    471 |      0 |    133 |    198 |   1 |  471.0 |
      Gauntlet |   1071 |   1071 |      0 |    581 |    149 |   1 | 1071.0 |
               +--------+--------+--------+--------+--------+-----+--------+

Top non-repeatable levels by time:
     D:2: 2297 daAuts
     D:7: 2213 daAuts
    D:11: 2104 daAuts
     D:1: 2099 daAuts
  Lair:1: 1943 daAuts
     D:4: 1802 daAuts
     D:9: 1683 daAuts
     D:3: 1564 daAuts
     D:6: 1540 daAuts
     D:5: 1431 daAuts
    D:10: 1400 daAuts
    D:12: 1111 daAuts
Gauntlet: 1071 daAuts
     D:8: 1022 daAuts
 Ossuary: 471 daAuts
